 Dungeon Crawl Stone Soup version 0.18-a0-1521-g59d19af (webtiles) character file.

2200 Ijustatesigmund the Insei (level 9, -6/62 HPs)
             Began as an Octopode Transmuter on Mar 7, 2016.
             Mangled by a flying skull (8 damage)
             ... on level 9 of the Dungeon.
             The game lasted 00:29:28 (8087 turns).

Ijustatesigmund the Insei (Octopode Transmuter)     Turns: 8087, Time: 00:29:28

Health: -6/62      AC:  1    Str:  9    XL:     9   Next: 34%
Magic:  16/21      EV: 20    Int: 16    God:
Gold:   410        SH:  0    Dex: 15    Spells: 4 memorised, 1 level left

rFire  . . .     SeeInvis .       - Unarmed
rCold  . . .     Gourm    .     (no shield)
rNeg   . . .     Faith    .     (helmet restricted)
rPois  .         Spirit   .     (no amulet)
rElec  .         Dismiss  .     i - +6 ring of evasion
rCorr  .         Reflect  .     k - ring of magical power
SustAt .         Harm     .     (no ring)
MR     .....                    (no ring)
Stlth  ++++......               (no ring)
                                (no ring)
                                (no ring)
                                (no ring)

@: appendage, very slightly contaminated, not resistant to hostile enchantments,
stealthy
A: almost no armour, amphibious, 8 rings, constrict 8, tentacle spike 3,
camouflage 1, gelatinous body 1
a: End Transformation


You were on level 9 of the Dungeon.
You were hungry.
One of your tentacles had a temporary spike.
You visited 1 branch of the dungeon, and saw 9 of its levels.

You collected 410 gold pieces.

Inventory:

Missiles
 a - 66 arrows
 o - 4 tomahawks (quivered)
Jewellery
 i - a +6 ring of evasion (left tentacle)
 k - a ring of magical power (right tentacle)
 r - an uncursed amulet of faith
Scrolls
 d - 4 scrolls of identify
 f - 2 scrolls of amnesia
 g - 2 scrolls of enchant armour
 p - a scroll of recharging
 t - a scroll of remove curse
Potions
 e - a potion of brilliance
 h - a potion of flight
Books
 b - a book of Changes

   Spells                             Type                      Level
   a - Beastly Appendage              Transmutation                1
   b - Sticks to Snakes               Transmutation                2
   c - Spider Form                    Transmutation/Poison         3
   d - Ice Form                       Ice/Transmutation            4
   e - Blade Hands                    Transmutation                5
Comestibles
 c - 3 meat rations
 l - a bread ration


   Skills:
 + Level 6.0 Fighting
 - Level 3.8 Dodging
 - Level 3.8 Stealth
 + Level 6.9 Unarmed Combat
 - Level 2.0 Spellcasting
 * Level 6.8 Transmutations
 - Level 3.1 Poison Magic


You had one spell level left.
You knew the following spells:

 Your Spells              Type           Power        Failure   Level  Hunger
a - Beastly Appendage     Trmt           ###...       1%          1    #......
b - Sticks to Snakes      Trmt           ###.....     1%          2    ###....
c - Spider Form           Trmt/Pois      ###.......   10%         3    ###....
d - Blade Hands           Trmt           ###.......   38%         5    ######.


Dungeon Overview and Level Annotations

Branches:
Dungeon (9/15)             Temple (0/1) D:5
   Lair: D:8-11         Orc: D:9-12

Altars:
Dithmenos
Qazlal
Trog

Shops:
D:5 [


Innate Abilities, Weirdness & Mutations

You cannot wear most types of armour.
You are amphibious.
You can wear up to eight rings at the same time.
You can use your tentacles to constrict eight enemies at once.
Your skin changes colour to match your surroundings (Stealth).
Your rubbery body absorbs attacks (AC +1).
One of your tentacles bears a large vicious spike.


Message History

You are very lightly contaminated with residual magic.
Your body is twisted painfully.
* * * LOW HITPOINT WARNING * * *
The flying skull completely misses you. The flying skull barely misses you.
You closely miss the flying skull. Your grab misses the flying skull.
You pierce the flying skull, but do no damage.
The flying skull hits you.
* * * LOW HITPOINT WARNING * * *
You tentacle-slap the flying skull. Your grab misses the flying skull.
You squeeze the flying skull, but do no damage.
The flying skull is lightly damaged.
The flying skull barely misses you.
You closely miss the flying skull. Your grab misses the flying skull.
Your tentacle-slap misses the flying skull.
The flying skull is lightly damaged.
The flying skull completely misses you. x2
You miss the flying skull. Your grab misses the flying skull.
Your tentacle spike misses the flying skull.
The flying skull hits you!
You die...

.........()................#.....
.........))................#.....
...........................#.....
...........................#.....
............#########......######
#######.....# #............
#.#..## ##..#........ #.#..# #+#
#.#..#....#### #.#..#
#@##.##..#....#...
#.#..###.#z#.###..#....#...
.......Z.......#....'...
...............#....#...
..###.#[#.######....#... #.##.##.
#....#... #.# #+# #. #....#### ##
#####..^..... ............


You could see a flying skull and a worker ant zombie.

Vanquished Creatures
  A flying skull (D:9)
  A hungry ghost (D:7)
  2 ice beasts
  A wasp (D:8)
  A sky beast (D:7)
  A centaur (D:5)
  2 big kobolds
  A water moccasin zombie (D:9)
  4 scorpions
  2 killer bees
  4 crimson imps
  A jelly (D:5)
  An orc priest (D:3)
  A giant frog skeleton (D:8)
  3 hounds
  A centaur skeleton (D:6)
  6 orc wizards
  2 iguanas (D:9)
  4 worker ants
  A howler monkey zombie (D:5)
  13 adders
  6 gnolls
  3 shadow imps
  An adder skeleton (D:4)
  A worm (D:2)
  A dart slug (D:2)
  3 giant geckos
  18 orcs
  2 ball pythons
  9 bats
  4 giant cockroaches
  8 hobgoblins
  5 jackals
  17 kobolds
  3 quokkas
  2 giant gecko skeletons
  3 giant newts
  8 goblins
  A quokka zombie (D:7)
  8 rats
156 creatures vanquished.

Vanquished Creatures (collateral kills)
  An ogre (D:4)
  A scorpion (D:9)
  A worker ant (D:9)
  An orc (D:5)
4 creatures vanquished.

Grand Total: 160 creatures vanquished

Notes
Turn   | Place    | Note
--------------------------------------------------------------
     0 | D:1      | Ijustatesigmund the Octopode Transmuter began the quest for the Orb.
     0 | D:1      | Reached XP level 1. HP: 13/13 MP: 3/3
   178 | D:1      | Reached XP level 2. HP: 12/18 MP: 3/5
   281 | D:1      | Learned a level 2 spell: Sticks to Snakes
   960 | D:2      | Reached XP level 3. HP: 13/24 MP: 6/6
  1369 | D:2      | Found a stormy altar of Qazlal.
  1378 | D:2      | Reached XP level 4. HP: 24/30 MP: 7/7
  2303 | D:3      | Learned a level 3 spell: Spider Form
  2751 | D:3      | Reached skill level 1 in Poison Magic
  2751 | D:3      | Reached XP level 5. HP: 32/36 MP: 6/8
  3181 | D:4      | Reached XP level 6. HP: 36/42 MP: 9/9
  4141 | D:4      | Reached XP level 7. HP: 45/47 MP: 10/10
  4251 | D:5      | Entered Level 5 of the Dungeon
  4426 | D:5      | Reached skill level 1 in Stealth
  4426 | D:5      | Reached skill level 5 in Unarmed Combat
  4713 | D:5      | Found a staircase to the Ecumenical Temple.
  4734 | D:5      | Found Weitudey's Armour Shop.
  5636 | D:6      | Found a shadowy altar of Dithmenos.
  5663 | D:6      | Reached XP level 8. HP: 54/54 MP: 11/11
  5671 | D:6      | Learned a level 5 spell: Blade Hands
  5694 | D:6      | Found a bloodstained altar of Trog.
  6361 | D:7      | Reached skill level 5 in Fighting
  6706 | D:7      | Reached skill level 5 in Transmutations
  7317 | D:9      | Reached XP level 9. HP: 6/61 MP: 12/12
  8084 | D:9      | HP: 2/62 [flying skull (5)]
  8087 | D:9      | Mangled by a flying skull

Vault maps used:
D:1:      saegor_arrival_simple_c, kennysheep_doodads
D:2:      overflow_temple_1_default
D:3:      kennysheep_generic_room_10
D:4:      kennysheep_spiral_hall, serial_shops, nicolae_shop_waterfront,
          first_bread
D:5:      temple_doors_e, serial_shops, nicolae_shop_behind_doors, serial_glass,
          glass_columns_a, glass_columns_b, item_on_display_b,
          minmay_strange_pillars, due_unseen_surprise
D:6:      old_standard_altar, basic_altar
D:8:      kennysheep_mini_moat, minitemple, special_room, david_nohive_1
D:9:      hangedman_screamer

Skill      XL: |  1  2  3  4  5  6  7  8  9 |
---------------+----------------------------+-----
Fighting       | 2 3 4 5 6 |  6.0
Unarmed Combat | 4 5 6 |  6.9
Dodging        | 3 |  3.8
Poison Magic   | 1 3 |  3.1
Stealth        | 3 |  3.8
Transmutations | 3 5 6 |  6.8
Spellcasting   | |  2.0

Action                   |  1- 3 |  4- 6 |  7- 9 || total
-------------------------+-------+-------+-------++-------
Melee: Unarmed           |    79 |   124 |   302 ||   505
 Cast: Beastly Appendage |     5 |    12 |    30 ||    47
       Sticks to Snakes  |     2 |    10 |    26 ||    38
  Use: Scroll            |     7 |     4 |    10 ||    21
       Potion            |     1 |       |     4 ||     5
 Stab: Sleeping          |     3 |     6 |     9 ||    18
       Distracted        |     1 |       |     2 ||     3
       Fleeing           |       |       |     2 ||     2
  Eat: Chunk             |     2 |     3 |     4 ||     9
       Bread ration      |       |     1 |     1 ||     2
       Meat ration       |       |     1 |     1 ||     2
       Beef jerky        |       |       |     2 ||     2
